 Dungeon Crawl Stone Soup version 0.29.0-4-gdea44cf6ec (webtiles) character file.

Game seed: 7023491505019997813

38 qw the Ruffian (level 3, -5/28 HPs)
             Began as a Ghoul Fire Elementalist on Aug 29, 2022.
             Slain by Terence
             ... wielding a +1 mace of holy wrath
              (9 damage)
             ... on level 2 of the Dungeon.
             The game lasted 00:01:23 (1950 turns).

qw the Ruffian (Ghoul Fire Elementalist)            Turns: 1950, Time: 00:01:23

Health: -5/28      AC:  2    Str: 13    XL:     3   Next: 43%
Magic:  4/4        EV: 12    Int: 10    God:
Gold:   37         SH:  0    Dex:  9    Spells: 4/5 levels left

rFire   . . .      SeeInvis .     - Unarmed
rCold   + . .      Faith    .   (no shield)
rNeg    + + +      Spirit   .   a - +0 robe
rPois   inf        Reflect  .   (no helmet)
rElec   .          Harm     .   (no cloak)
rCorr   .          Rampage  .   (no gloves)
Will    .....                   (no boots)
Stlth   ++........              (no amulet)
HPRegen 0.00/turn               (no ring)
MPRegen 0.09/turn               (no ring)

@: inhibited regen
A: claws 1, cold resistance 1, negative energy resistance 3, inhibited
regeneration, torment resistance 2, devour on kill
a: no special abilities


You were on level 2 of the Dungeon.
You visited 1 branch of the dungeon, and saw 2 of its levels.

You collected 37 gold pieces.


Innate Abilities, Weirdness & Mutations

You are immune to poison.
You have sharp fingernails.
Your flesh is cold resistant. (rC+)
You are immune to negative energy. (rN+++)
You do not regenerate when monsters are visible.
You are immune to unholy pain and torment.
You thrive by killing the living.


   Skills:
 - Level 1.0 Fighting
 - Level 1.7 Dodging
 - Level 2.1 Stealth
 + Level 3.0 Unarmed Combat
 - Level 1.7 Spellcasting
 - Level 0.7 Conjurations
 - Level 2.4 Fire Magic


You had 4 spell levels left.
You knew the following spells:

 Your Spells              Type           Power      Damage    Failure   Level
a - Foxfire               Conj/Fire      16%        2x1d4     17%         1

Your spell library contained the following spells:

 Spells                   Type           Power      Damage    Failure   Level
 Scorch                   Fire           10%        2d6       19%         2
 Conjure Flame            Conj/Fire      4%         6-21      45%         3
 Inner Flame              Hex/Fire       3%         N/A       52%         3
 Flame Wave               Conj/Fire      4%         2d5       86%         4

Inventory:

Armour
 a - a +0 robe (worn)
 b - a +0 pair of boots
 d - a +0 ring mail
Scrolls
 f - a scroll of identify
Potions
 c - a potion of cancellation

Dungeon Overview and Level Annotations

Branches:
Dungeon (2/15)

Altars:

Annotations:
D:2 Terence


Message History

The ball python bites you. The ball python closely misses you.
You scratch the ball python.
You kill the ball python!
You scratch the hobgoblin.
The hobgoblin is severely wounded.
The hobgoblin hits you.
You scratch the hobgoblin but do no damage.
The hobgoblin is severely wounded.
The hobgoblin hits you.
You scratch the hobgoblin but do no damage.
The hobgoblin is severely wounded.
The hobgoblin hits you.
You scratch the hobgoblin.
You kill the hobgoblin!
You feel better.
Your Unarmed Combat skill increases to level 3!
You start resting.
A hobgoblin comes into view.
1876 ||| Stepping ~*~*~tactically~*~*~ (stealth).
Things that are here:
a hobgoblin corpse; a ball python corpse You start resting.
A hobgoblin is nearby!
1885 ||| Stepping ~*~*~tactically~*~*~ (stealth).
You start resting.
HP restored.
d - a +0 ring mail Terence the Incautious comes into view.
He is wielding a +1 mace of holy wrath.
You scratch Terence.
Terence is lightly wounded.
Terence barely misses you.
You scratch Terence.
Terence is lightly wounded.
Terence hits you with a +1 mace of holy wrath!
You convulse.
You scratch Terence.
Terence is moderately wounded.
Terence hits you with a +1 mace of holy wrath!
You convulse!
You die...

#####
######...#########
.................#
#%####...#######.#
#.# ##### #.# ..#
#.# #.# #@# ..#
#@# ..# #..
#.###.J .... g....
.##.# ..### .. .#
### #. ## .# #. .#


You could see Terence.

Vanquished Creatures
  An adder (D:2)
  3 ball pythons
  2 bats (D:1)
  5 endoplasms
  4 giant cockroaches (D:1)
  2 hobgoblins
  3 jackals (D:1)
  2 frilled lizards (D:1)
  3 kobolds (D:1)
25 creatures vanquished.

Notes
Turn   | Place    | Note
-------+----------+-------------------------------------------
     0 | D:1      | qw the Ghoul Fire Elementalist began the quest for the Orb.
     0 | D:1      | Reached XP level 1. HP: 14/14 MP: 2/2
     0 | D:1      | 0 ||| qw: Version: 0.1-a-90-g952f4b7
     0 | D:1      | 0 ||| qw: Game counter: 4194
     0 | D:1      | 0 ||| qw: Always use a shield: true
     0 | D:1      | 0 ||| qw: God list: Okawaru
     0 | D:1      | 0 ||| qw: Allow faded altars: false
     0 | D:1      | 0 ||| qw: Do Orc after D:15 true
     0 | D:1      | 0 ||| qw: Do second Lair branch before Depths: true
     0 | D:1      | 0 ||| qw: Lair rune preference: random
     0 | D:1      | 0 ||| qw: Plans: Normal
     0 | D:1      | 0 ||| PLANNING D:1-11
     2 | D:1      | Noticed an elf
     4 | D:1      | Noticed a naga
     6 | D:1      | Noticed a vine stalker
     6 | D:1      | Noticed a tengu
     8 | D:1      | Noticed a demonspawn
     8 | D:1      | Noticed a ghoul
    10 | D:1      | Noticed a human
    10 | D:1      | Noticed a felid
    12 | D:1      | Noticed a minotaur
    14 | D:1      | Noticed an ogre
    14 | D:1      | Noticed a vampire
    16 | D:1      | Noticed a merfolk
    16 | D:1      | Noticed a formicid
    18 | D:1      | Noticed an octopode
    18 | D:1      | Noticed a palentonga
    20 | D:1      | Noticed a spriggan
    22 | D:1      | Noticed a troll
    22 | D:1      | Noticed a demigod
    24 | D:1      | Noticed a draconian
    24 | D:1      | Noticed a gargoyle
    26 | D:1      | Noticed a vine stalker
    28 | D:1      | Noticed a minotaur
    28 | D:1      | Noticed a ghoul
    48 | D:1      | 48 ||| Stepping ~*~*~tactically~*~*~ (stealth).
    49 | D:1      | 49 ||| Stepping ~*~*~tactically~*~*~ (stealth).
    52 | D:1      | 52 ||| Stepping ~*~*~tactically~*~*~ (stealth).
    55 | D:1      | 55 ||| Stepping ~*~*~tactically~*~*~ (outnumbered).
    56 | D:1      | 56 ||| Stepping ~*~*~tactically~*~*~ (outnumbered).
    58 | D:1      | HP: 3/14 [frilled lizard (3)]
   385 | D:1      | Reached skill level 1 in Unarmed Combat
   637 | D:1      | Reached skill level 1 in Fighting
   637 | D:1      | Reached XP level 2. HP: 23/23 MP: 3/3
   866 | D:1      | 866 ||| Stepping ~*~*~tactically~*~*~ (stealth).
   898 | D:1      | 898 ||| Stepping ~*~*~tactically~*~*~ (stealth).
  1066 | D:1      | Reached skill level 2 in Unarmed Combat
  1616 | D:1      | Reached XP level 3. HP: 28/28 MP: 4/4
  1651 | D:1      | 1651 ||| DROPPING amulet of magic regeneration.
  1652 | D:1      | 1652 ||| READING 2 scrolls labelled HUNTUYSCHEU.
  1653 | D:1      | 1653 ||| READING scroll labelled GYVEOQ CIOPS.
  1654 | D:1      | 1654 ||| READING 2 scrolls labelled AWNANOINNO.
  1655 | D:1      | 1655 ||| DRINKING 2 fuming white potions.
  1656 | D:1      | 1656 ||| DROPPING potion of magic.
  1657 | D:1      | 1657 ||| DROPPING scroll of butterflies.
  1730 | D:2      | 1730 ||| Stepping ~*~*~tactically~*~*~ (stealth).
  1733 | D:2      | 1733 ||| Stepping ~*~*~tactically~*~*~ (stealth).
  1735 | D:2      | 1735 ||| Stepping ~*~*~tactically~*~*~ (stealth).
  1746 | D:2      | 1746 ||| Stepping ~*~*~tactically~*~*~ (stealth).
  1749 | D:2      | 1749 ||| FLEEEEING.
  1751 | D:2      | 1751 ||| FLEEEEING.
  1752 | D:2      | 1752 ||| FLEEEEING.
  1753 | D:2      | 1753 ||| FLEEEEING.
  1756 | D:2      | 1756 ||| FLEEEEING.
  1757 | D:2      | 1757 ||| FLEEEEING.
  1759 | D:2      | 1759 ||| STAIRDANCE
  1789 | D:1      | 1789 ||| DRINKING 2 golden potions.
  1790 | D:1      | 1790 ||| DROPPING potion of invisibility.
  1820 | D:2      | 1820 ||| Stepping ~*~*~tactically~*~*~ (stealth).
  1828 | D:2      | Reached skill level 3 in Unarmed Combat
  1876 | D:2      | 1876 ||| Stepping ~*~*~tactically~*~*~ (stealth).
  1885 | D:2      | 1885 ||| Stepping ~*~*~tactically~*~*~ (stealth).
  1942 | D:2      | Noticed Terence
  1950 | D:2      | HP: 4/28 [Terence/+1 mace of holy wrath (11)]
  1950 | D:2      | Slain by Terence

Levels and vault maps discovered:
D:1:      kb_arrival_jail, layout_basic, grunt_decor_junction
D:2:      layout_loops_cross, hellmonk_ecumenical_altar_arch_garden,
          uniq_terence, uniq_sigmund

Skill      XL: |  1  2  3 |
---------------+----------+-----
Unarmed Combat | 1 2 3 |  3.0
Fighting       | 1 |  1.0
Dodging        | |  1.7
Stealth        | |  2.1
Spellcasting   | |  1.7
Conjurations   | |  0.7
Fire Magic     | |  2.4

Action                   || total
-------------------------++-------
Melee: Unarmed           ||   119
       Punch             ||     1
  Use: Scroll            ||     3
       Potion            ||     2
Armor: Robe              ||    28
Dodge: Dodged            ||    75

Table legend:
 A = Non-vault XP
 B = Vault XP
 C = Vault XP percentage of total XP
 D = Non-vault monster count
 E = Vault monster count
 F = Vault count percentage of total count
                 A         B        C        D         E       F
            +---------+---------+-------+---------+---------+-------
      Total |      55 |       0 |   0.0 |      25 |       0 |   0.0
            +---------+---------+-------+---------+---------+-------
        D:1 |      37 |       0 |   0.0 |      21 |       0 |   0.0
        D:2 |      18 |       0 |   0.0 |       4 |       0 |   0.0
            +---------+---------+-------+---------+---------+-------
